 Dungeon Crawl Stone Soup version 0.19-a0-934-gf1df8d1 (webtiles) character file.

79 DevlanMud the Cudgeler (level 4, 0/48 HPs)
             Began as an Ogre Gladiator on July 7, 2016.
             Was an Initiate of Okawaru.
             Slain by crawdingle's ghost (1 damage)
             ... on level 3 of the Dungeon.
             The game lasted 00:05:25 (2519 turns).

DevlanMud the Cudgeler (Ogre Gladiator)             Turns: 2519, Time: 00:05:25

Health: 0/48       AC:  3    Str: 20    XL:     4   Next: 37%
Magic:  4/4        EV:  9    Int:  7    God:    Okawaru [......]
Gold:   112        SH:  0    Dex: 11    Spells: 0 memorised, 3 levels left

rFire  . . .     SeeInvis .     a - +0 flail
rCold  . . .     Gourm    .     b - +0 robe
rNeg   . . .     Faith    .     (no shield)
rPois  .         Spirit   .     c - +0 hat
rElec  .         Dismiss  .     (no cloak)
rCorr  .         Reflect  .     (gloves unavailable)
SustAt .         Harm     .     (boots unavailable)
MR     .....                    (no amulet)
Stlth  +.........               (no ring)
                                (no ring)

@: very heavily drained, not resistant to hostile enchantments, very unstealthy
A: unfitting armour, tough skin 1
a: Renounce Religion


You were on level 3 of the Dungeon.
You worshipped Okawaru.
Okawaru was noncommittal.
You were not hungry.

You visited 1 branch of the dungeon, and saw 3 of its levels.

You collected 112 gold pieces.

Inventory:

Hand Weapons
 a - a +0 flail (weapon)
Missiles
 d - 3 throwing nets (quivered)
Armour
 b - a +0 robe (worn)
 c - a +0 hat (worn)
Wands
 g - a wand of lightning (9/15)
Scrolls
 e - a scroll of fear {unknown}
 h - a scroll of random uselessness {unknown}
 i - 2 scrolls of remove curse
 k - a scroll of identify {unknown}
Comestibles
 f - 3 bread rations
 j - 2 chunks of flesh
 l - 4 fruits


   Skills:
 + Level 3.6(0.7) Fighting
 * Level 6.0(2.9) Maces & Flails
 + Level 2.1(0.0) Throwing
 - Level 2.6(0.0) Dodging
 + Level 0.1(0.0) Stealth


You had 3 spell levels left.
You didn't know any spells.

Dungeon Overview and Level Annotations

Branches:
Dungeon (3/15)

Altars:
Kikubaaqudgha
Okawaru
Qazlal
Trog

Annotations:
D:2 1 exclusion
D:3 crawdingle's ghost, weakling SpAr


Innate Abilities, Weirdness & Mutations

You are too large for most types of armour.
You have tough skin. (AC +1)


Message History

You are too injured to fight recklessly!
You barely miss crawdingle's ghost.
Crawdingle's ghost is severely damaged.
Crawdingle's ghost screams, "You must not succeed where I failed!"
Crawdingle's ghost hits you.
* * * LOW HITPOINT WARNING * * *
You feel drained.
You hit crawdingle's ghost.
Crawdingle's ghost is almost destroyed.
Crawdingle's ghost hits you but does no damage.
You feel drained.
You closely miss crawdingle's ghost.
Crawdingle's ghost is almost destroyed.
Crawdingle's ghost barely misses you.
You miss crawdingle's ghost.
Crawdingle's ghost is almost destroyed.
Crawdingle's ghost barely misses you. Crawdingle's ghost hits you.
* * * LOW HITPOINT WARNING * * *
You feel drained.
You die...

### #.# .. .. #.# #
... #.# # ... #.# #
...#######'########.
# #..............[..
# #.........#######.
# #.......W.#######.
# ##...####@........
# #...# #....#### #
#...# #....# #####
#....# #.#### .. #.#
.._ ###### #.# ...
#....# #.# #...
#....# #.#


You could see crawdingle's ghost.

Vanquished Creatures
  2 adders (D:2)
  An ooze (D:1)
  3 dart slugs
  A giant gecko (D:2)
  2 orcs (D:3)
  7 bats
  A giant cockroach (D:1)
  7 hobgoblins
  2 jackals (D:1)
  6 giant newts
  7 goblins
  5 kobolds
  5 rats
49 creatures vanquished.

Notes
Turn   | Place    | Note
-------+----------+-------------------------------------------
     0 | D:1      | DevlanMud the Ogre Gladiator began the quest for the Orb.
     0 | D:1      | Reached XP level 1. HP: 22/22 MP: 1/1
   116 | D:1      | Reached XP level 2. HP: 24/29 MP: 2/2
   631 | D:1      | Reached skill level 5 in Maces & Flails
   925 | D:1      | Reached XP level 3. HP: 37/37 MP: 3/3
   951 | D:2      | Found a faded altar of an unknown god.
  1048 | D:2      | Found an iron altar of Okawaru.
  1055 | D:2      | Became a worshipper of Warmaster Okawaru
  1097 | D:2      | Found a bloodstained altar of Trog.
  1461 | D:2      | Reached XP level 4. HP: 14/45 MP: 4/4
  1769 | D:2      | Found an ancient bone altar of Kikubaaqudgha.
  2370 | D:3      | Found a stormy altar of Qazlal.
  2371 | D:3      | Noticed an air elemental
  2379 | D:3      | Reached skill level 6 in Maces & Flails
  2502 | D:3      | Noticed crawdingle's ghost (weakling SpAr)
  2519 | D:3      | HP: 1/48 [crawdingle's ghost (5)]
  2519 | D:3      | Slain by crawdingle's ghost

Vault maps used:
D:1:      kilobyte_arrival_exit_the_forest
D:2:      okawaru_trees_2, bloody_trog, lemuel_doored_altar, first_bread,
          ecumenical_altar_2, uniq_crazy_yiuf_cottage
D:3:      nicolae_qazlal_style_of_elements

Skill      XL: |  1  2  3  4 |
---------------+-------------+-----
Fighting       | 3 |  3.6
Maces & Flails | 5 6 |  6.0
Throwing       | |  2.1
Dodging        | |  2.6
Stealth        | |  0.1

Action                   |  1- 3 |  4- 6 || total
-------------------------+-------+-------++-------
Melee: Flail             |   127 |    49 ||   176
  Use: Potion            |     1 |     1 ||     2
       Scroll            |       |     1 ||     1
  Eat: Chunk             |     2 |     3 ||     5
Armor: Robe              |    41 |    11 ||    52
Dodge: Dodged            |    73 |    20 ||    93
